cohdb
Replays
Latest Replays
All Replays
Popular Replays
Top Player Replays
Match Explorer
How It Works
Community
CoH3 Stats
Reddit
Sign in to upload your games and track your stats! →
Sign in with Steam
Match 44771605
Unlisted
Match 44771605
Overview
Messages
Build Orders
End
Panzergrenadier Squad
250 Light Carrier
Panzergrenadier Squad
Construct Light Support Kompanie
Combat Half-tracks
Panzerpioneer Squad
MG34 Team
Panzerjäger Mechanized Group
Fire Support Elements
Veteran Squad Leaders
Pak 38 Anti-tank Gun Team
Selects Battlefield Espionage Battlegroup
Selects 250/3 Funkpanzerwagen
Selects Anti-Tank Incendiary Munitions
Selects Intel Disruption Beacon
Assault Mechanized Group
Pak 38 Anti-tank Gun Team
Flakvierling Half-track
MG34 Team
Selects Plunder
Finneas
HESOYAM
HuWooD
Genki
0
0
Comments
sign in to comment!
No comments posted yet!